 Dungeon Crawl Stone Soup version 0.25.0-26-g0c896c7088 (webtiles) character file.

Game seed: 15617803642016426572

396 Descartes the Sneak (level 6, -3/25 HPs)
             Began as a Felid Transmuter on July 1, 2020.
             Slain by a gnoll
             ... wielding a +1 halberd of venom
              (9 damage)
             ... on level 7 of the Dungeon.
             The game lasted 00:08:30 (3208 turns).

Descartes the Sneak (Felid Transmuter)              Turns: 3208, Time: 00:08:31

Health: -3/25      AC:  2    Str:  8      XL:     6   Next: 52%
Magic:  9/10       EV: 17    Int: 15      God:
Gold:   227        SH:  0    Dex: 12 (16) Spells: 8/9 levels left
                                        Lives:  0   Deaths: 1

rFire    . . .     SeeInvis +     - Unarmed
rCold    . . .     Gourm    .   (shield unavailable)
rNeg     . . .     Faith    .   (armour unavailable)
rPois    .         Spirit   .   (helmet unavailable)
rElec    .         Reflect  .   (cloak unavailable)
rCorr    .         Harm     .   (gloves unavailable)
MR       .....                  (boots unavailable)
Stlth    ++++......             h - amulet of regeneration
HPRegen  0.48/turn              (no ring)
MPRegen  0.12/turn              (no ring)

@: lethally poisoned (-3 -> -3), appendage, quick
A: very small, no armour, no weapons or thrown items, stealth, claws 1, fangs 3,
horns 2, see invisible, carnivore, speed 1, shaggy fur 2, slow metabolism 1,
sharp paws
a: End Transformation


You were on level 7 of the Dungeon.
You were very full.
You had grown temporary horns.
You visited 1 branch of the dungeon, and saw 5 of its levels.

You collected 227 gold pieces.

Inventory:

Missiles
 a - 57 arrows
 b - 109 stones
Jewellery
 h - an amulet of regeneration (around neck)
 x - a +4 ring of protection {unknown}
Wands
 n - a wand of iceblast (11)
 y - a wand of random effects (18)
Scrolls
 d - 2 scrolls of teleportation
 j - 6 scrolls of identify
 q - a scroll of fog
 t - a scroll of enchant weapon
Potions
 e - 2 potions of curing
 f - a potion of stabbing {unknown}
 g - 2 potions of invisibility {unknown}
 i - a potion of haste {unknown}
 k - a potion of mutation {unknown}
 l - a potion of flight {unknown}
 m - a potion of magic {unknown}
 o - a potion of degeneration {unknown}
 r - 2 potions of heal wounds {unknown}
 w - a potion of might {unknown}
Comestibles
 c - 6 rations
 u - 6 chunks of flesh


   Skills:
 - Level 1.0 Fighting
 - Level 2.6 Dodging
 + Level 6.9 Stealth
 + Level 5.8 Unarmed Combat
 - Level 2.0 Spellcasting
 - Level 2.1 Transmutations


You had 8 spell levels left.
You knew the following spells:

 Your Spells              Type           Power        Failure   Level  Hunger
a - Beastly Appendage     Tmut           #.....       9%          1    #......

Your spell library contained the following spells:

 Spells                   Type           Power        Failure   Level  Hunger
 Sticks to Snakes         Tmut           #.......     14%         2    ###....
 Spider Form              Tmut/Pois      #.........   38%         3    ###....
 Ice Form                 Ice/Tmut       #.......     80%         4    #####..
 Blade Hands              Tmut           #.........   94%         5    ######.


Dungeon Overview and Level Annotations

Branches:
Dungeon (4/15)
 Temple: D:4-7

Altars:
Nemelex Xobeh

Shops:
D:7 [

Annotations:
D:4 Menkaure


Innate Abilities, Weirdness & Mutations

You cannot wear armour.
You are incapable of wielding weapons or throwing items.
Your paws allow you to move quietly. (Stealth)
You have sharp claws.
You have razor-sharp teeth.
You have supernaturally acute eyesight. (SInv)
You are carnivorous and can eat meat at any time.
You cover ground quickly.
You are covered in thick fur. (AC +2)
You have a slow metabolism.
Your sharp claws are effective at attacking unaware monsters.
You have a pair of horns on your head.


Message History

You enter the shallow water.
Moving in this stuff is going to be slow.
You feel sick.
There is an entrance to Upinifina's Armour Shop here.
You enter the shallow water.
Moving in this stuff is going to be slow.
You hear the faint creaking of a very distant portcullis.
You feel sick.
You feel sick.
Found a ration and 10 gold pieces.
You feel sick.
The gnoll falls through a shaft!
The shaft crumbles and collapses.
Casting: Beastly Appendage (safe; 9% risk of failure)
Confirm with . or Enter, or press ? or * to list all spells.
You grow a pair of large bovine horns.
The gnoll misses you.
Unknown command.
You closely miss the gnoll. Your bite misses the gnoll.
You feel sick.
The gnoll hits you with a +1 halberd of venom!
You die...

############
#..........# ) .
########..........# #
#.#.................# #
#.#..........g@.....# #
#...................# #
#...............%..# #
#...≈≈≈............# #
##.≈≈≈≈≈........$..# #
#.≈≈∩.............#
#####.≈≈≈≈≈###+########
#......≈≈≈...<.#
#.#####.....##.#


You could see a gnoll.

Vanquished Creatures
  An ogre (D:7)
  A quasit (D:7)
  A bullfrog skeleton (D:4)
  A hound (D:4)
  2 orc priests (D:3)
  An orc wizard (D:4)
  A worker ant (D:4)
  2 gnolls (D:7)
  7 adders
  2 dart slugs
  3 leopard geckos
  9 orcs
  A ball python (D:4)
  6 bats
  6 giant cockroaches
  2 goblins (D:1)
  6 hobgoblins
  2 jackals (D:4)
  2 quokkas (D:3)
  A frilled lizard (D:1)
  2 kobolds
  7 rats
66 creatures vanquished.

Notes
Turn   | Place    | Note
-------+----------+-------------------------------------------
     0 | D:1      | Descartes the Felid Transmuter began the quest for the Orb.
     0 | D:1      | Reached XP level 1. HP: 9/9 MP: 4/4
    78 | D:1      | Reached skill level 1 in Stealth
   114 | D:1      | Reached XP level 2. HP: 11/12 MP: 4/6
   273 | D:1      | Reached skill level 2 in Stealth
   729 | D:2      | Reached XP level 3. HP: 8/15 MP: 5/7
   800 | D:2      | Reached skill level 3 in Stealth
  1739 | D:3      | Reached XP level 4. HP: 15/19 MP: 6/8
  1847 | D:3      | Killed from afar by an orc priest
  1848 | D:3      | Reached XP level 3. HP: -6/15 MP: 7/7
  1917 | D:3      | Reached skill level 4 in Stealth
  1917 | D:3      | Reached XP level 4. HP: 19/19 MP: 6/8
  2220 | D:3      | Found a sparkling altar of Nemelex Xobeh.
  2604 | D:4      | Reached skill level 5 in Stealth
  2606 | D:4      | Reached XP level 5. HP: 22/22 MP: 7/9
  2670 | D:4      | Reached skill level 5 in Unarmed Combat
  2822 | D:4      | Reached skill level 6 in Stealth
  2863 | D:4      | Noticed Menkaure
  2863 | D:4      | Noticed a phantom
  2962 | D:4      | You fall into a shaft and drop 3 floors!
  2963 | D:7      | Noticed an ogre
  2967 | D:7      | Killed an ogre
  2967 | D:7      | Gained mutation: You are covered in thick fur. (AC +2)
                  | [Felid growth]
  2967 | D:7      | Reached XP level 6. HP: 3/25 MP: 8/10
  3185 | D:7      | Found Upinifina's Armour Shop.
  3208 | D:7      | Slain by a gnoll

Illustrated notes

Levels and vault maps discovered:
D:1:      saegor_arrival_simple_d, layout_loops_ring
D:2:      layout_basic, st_stairs_9, minmay_tromino_v2
D:3:      layout_basic, nemelex_altar_shiori
D:4:      cheibrodos_old_hovel, layout_gridville, okawaru_ov_weapons_minmay,
          minmay_box_of_dots, uniq_menkaure
D:7:      layout_basic, serial_shops, nicolae_shop_waterfront, enter_bailey_3

Skill      XL: |  1  2  3  4  5 |
---------------+----------------+-----
Stealth        | 1 2 4 5 6 |  6.9
Unarmed Combat | 4 5 |  5.8
Fighting       | |  1.0
Dodging        | |  2.6
Spellcasting   | |  2.0
Transmutations | |  2.1

Action                   |  1- 3 |  4- 6 || total
-------------------------+-------+-------++-------
Melee: Unarmed           |    98 |    87 ||   185
       Bite              |     7 |     7 ||    14
       Headbutt          |    10 |    12 ||    22
       Punch             |     2 |     2 ||     4
 Cast: Beastly Appendage |    22 |    29 ||    51
  Use: Scroll            |       |     8 ||     8
 Stab: Sleeping          |     4 |    10 ||    14
  Eat: Chunk             |    14 |     3 ||    17
Armor: Skin              |     3 |     9 ||    12
Dodge: Dodged            |    80 |    64 ||   144
